 Dungeon Crawl Stone Soup version 0.31.0-9-g3a7656b989 (webtiles) character file.

Game seed: 5759688492425727030

30 qw the Shooter (level 3, -5/18 HPs)
             Began as a Spriggan Hunter on Feb 2, 2024.
             Slain by Natasha (6 damage)
             ... on level 2 of the Dungeon.
             The game lasted 00:00:02 (416 turns).

qw the Shooter (Spriggan Hunter)                     Turns: 416, Time: 00:00:02

Health: -5/18      AC:  2    Str:  7    XL:     3   Next: 3%
Magic:  4/4        EV: 19    Int: 10    God:
Gold:   8          SH:  0    Dex: 20    Spells: 2/2 levels left

rFire   . . .        a - +0 shortbow
rCold   . . .        (shield currently unavailable)
rNeg    . . .        c - +0 robe
rPois   .            (helmet restricted)
rElec   .            (no cloak)
rCorr   .            (gloves unavailable)
SInv    +            (boots unavailable)
Will    .....        (no amulet)
Stlth   ++           (no ring)
HPRegen 0.23/turn    (no ring)
MPRegen 0.09/turn

%: no passive effects
@: very quick
A: very small, no large weapons, unfitting armour, see invisible, speed 3
a: no special abilities


You were on level 2 of the Dungeon.
You visited 1 branch of the dungeon, and saw 2 of its levels.

You collected 8 gold pieces.


Innate Abilities, Weirdness & Mutations

You are very small and have problems with some larger weapons.
You are too small for most types of armour.
You have supernaturally acute eyesight. (SInv)
You cover ground extremely quickly. (Speed+++)


   Skills:
 - Level 1.5 Fighting
 + Level 4.4 Ranged Weapons
 - Level 4.0 Dodging
 - Level 1.5 Stealth


You had 2 spell levels left.
You didn't know any spells.
Your spell library was empty.

Inventory:

Hand Weapons
 a - a +0 shortbow (weapon)
Armour
 c - a +0 robe (worn)
Scrolls
 e - a scroll of enchant armour
Potions
 b - a potion of curing {unknown}
 d - a potion of enlightenment {unknown}

Dungeon Overview and Level Annotations

Branches:
Dungeon (2/15)

Altars:

Annotations:
D:2 Natasha


Message History

The cerulean imp is almost dead.
The cerulean imp hits you from afar with a +2 spear.
You shoot an arrow. The arrow hits the cerulean imp.
You kill the cerulean imp!
The cerulean imp disappears in a puff of smoke!
Natasha casts a spell.
You shoot an arrow. The arrow hits Natasha.
Natasha is severely wounded.
Natasha mumbles some strange words.
407 ||| RETREEEEATING.
You start resting.
Natasha is nearby!
You shoot an arrow.
The arrow hits Natasha but does no damage.
Natasha is severely wounded.
Natasha barely misses you. The cerulean imp barely misses you.
You shoot an arrow. The arrow closely misses Natasha.
Natasha mewls in sadness.
Natasha claws you but does no damage. The cerulean imp misses you.
You shoot an arrow. The arrow completely misses Natasha.
Natasha claws you. The cerulean imp barely misses you.
You shoot an arrow. The arrow barely misses Natasha.
Natasha barely misses you.
The cerulean imp hits you from afar with a +1 spear.
You shoot an arrow. The arrow barely misses Natasha.
Natasha misses you.
The cerulean imp hits you from afar with a +1 spear.
Natasha completely misses you. The cerulean imp completely misses you.
You shoot an arrow. The arrow closely misses Natasha.
Natasha completely misses you.
The cerulean imp hits you from afar with a +1 spear.
You shoot an arrow.
The arrow hits Natasha but does no damage.
Natasha is severely wounded.
Natasha stares at you and mumbles some strange words.
You resist with some effort. The cerulean imp closely misses you.
You shoot an arrow. The arrow closely misses Natasha.
Natasha claws you.
You die...
Natasha curls up and begins to purr.

##...##...# ##
#...## #..#....
#...#.... #.}.#.###
##########...#.#
#.5.55..###<##.# #h#
#.######.#
#.###@#####.##.....#
#........##.##.....#
#####.##...........#
#.#####.##(....###
#.......##........
##################


You could see Natasha and a cerulean imp (summoned).

Vanquished Creatures
  2 dart slugs
  2 endoplasms (D:1)
  2 giant cockroaches (D:1)
  4 goblins (D:1)
  2 hobgoblins
  4 ball pythons
  4 bats
  2 frilled lizards (D:1)
  2 kobolds (D:1)
  2 rats (D:2)
26 creatures vanquished.

Notes
Turn   | Place    | Note
-------+----------+-------------------------------------------
     0 | D:1      | qw the Spriggan Hunter began the quest for the Orb.
     0 | D:1      | Reached XP level 1. HP: 10/10 MP: 2/2
     0 | D:1      | 0 ||| qw: Version: 0.3-a-155-g5e7d8dd
     0 | D:1      | 0 ||| qw: Game counter: 2256
     0 | D:1      | 0 ||| qw: Melee chars always use a shield: true
     0 | D:1      | 0 ||| qw: God list: Okawaru
     0 | D:1      | 0 ||| qw: Allow faded altars: false
     0 | D:1      | 0 ||| qw: Do Orc after clearing Dungeon:15 true
     0 | D:1      | 0 ||| qw: Do second Lair branch before Depths: true
     0 | D:1      | 0 ||| qw: Lair rune preference: random
     0 | D:1      | 0 ||| qw: Goals: Normal
     0 | D:1      | 0 ||| PLANNING D:1-11
    22 | D:1      | Reached skill level 3 in Dodging
    74 | D:1      | Reached XP level 2. HP: 14/14 MP: 3/3
   307 | D:1      | 307 ||| READING scroll labelled UBAATHR CETUPSI.
   307 | D:1      | 307 ||| IDENTIFYING scroll labelled VUPTYU JETIGUSCH
   308 | D:1      | 308 ||| READING scroll labelled UDEIGG VAGAY.
   309 | D:1      | 309 ||| DROPPING scroll of butterflies.
   358 | D:2      | Reached XP level 3. HP: 18/18 MP: 4/4
   397 | D:2      | Noticed Natasha
   407 | D:2      | 407 ||| RETREEEEATING.
   412 | D:2      | HP: 4/18 [cerulean imp/+1 spear[Natasha] (4)]
   413 | D:2      | HP: 1/18 [cerulean imp/+1 spear[Natasha] (3)]
   416 | D:2      | Slain by Natasha

Levels and vault maps discovered:
D:1:      saegor_arrival_under_anarchy, layout_rooms,
          chequers_serial_rivers_micro_e
D:2:      layout_loops_ring, serial_shops, shop,
          hellmonk_ecumenical_altar_watching_god, grunt_ministairs_4,
          minmay_misc_feat_ornament, minmay_crystal_room, uniq_natasha

Skill      XL: |  1  2 |
---------------+-------+-----
Dodging        | 3 4 |  4.0
Fighting       | |  1.5
Ranged Weapons | |  4.4
Stealth        | |  1.5

Action                     || total
---------------------------++-------
   Fire: Shortbow          ||    79
    Use: Scroll            ||     2
 Armour: Robe              ||     9
  Dodge: Dodged            ||    32

Table legend:
 A = Non-vault XP
 B = Vault XP
 C = Vault XP percentage of total XP
 D = Non-vault monster count
 E = Vault monster count
 F = Vault count percentage of total count
                 A         B        C        D         E       F
            +---------+---------+-------+---------+---------+-------
      Total |      40 |       3 |   7.0 |      24 |       2 |   7.7
            +---------+---------+-------+---------+---------+-------
        D:1 |      30 |       0 |   0.0 |      19 |       0 |   0.0
        D:2 |      10 |       3 |  23.1 |       5 |       2 |  28.6
            +---------+---------+-------+---------+---------+-------
